 Dungeon Crawl Stone Soup version 0.27.0-1-g7a089689b8 (webtiles) character file.

Game seed: 12974955950038496579

198 inmateoo the Slasher (level 5, -1/32 HPs)
             Began as a Tengu Gladiator on Aug 5, 2021.
             Was an Initiate of Okawaru.
             Succumbed to a scorpion's poison
             ... on level 6 of the Dungeon.
             The game lasted 00:01:39 (2616 turns).

inmateoo the Slasher (Tengu Gladiator)              Turns: 2616, Time: 00:01:40

Health: -1/32      AC: 10    Str: 15    XL:     5   Next: 77%
Magic:  6/6        EV:  9    Int:  9    God:    Okawaru [......]
Gold:   73         SH:  0    Dex: 15    Spells: 4/4 levels left

rFire    + . .     SeeInvis .   f - +2 whip (elec)
rCold    + . .     Faith    .   (no shield)
rNeg     . . .     Spirit   .   k - +1 chain mail {Will+}
rPois    +         Reflect  .   c - +0 hat
rElec    +         Harm     .   (no cloak)
rCorr    +         Rampage  .   o - +0 pair of gloves
Will     +....                  (boots unavailable)
Stlth    ..........             (no amulet)
HPRegen  0.10/turn              (no ring)
MPRegen  0.10/turn              (no ring)

@: mighty, lethally poisoned (-1 -> -22), resistant, flying quickly and
evasively, quick
A: beak, talons 3, nimble flight
a: Renounce Religion


You were on level 6 of the Dungeon.
You worshipped Okawaru.
Okawaru was noncommittal.
You visited 2 branches of the dungeon, and saw 5 of its levels.

You collected 73 gold pieces.

Inventory:

Hand Weapons
 a - a +0 long sword
 f - a +2 whip of electrocution (weapon)
Missiles
 d - 3 throwing nets (quivered)
Armour
 b - a +0 leather armour
 c - a +0 hat (worn)
 k - a +1 chain mail of willpower (worn)
 o - a +0 pair of gloves (worn)
Jewellery
 p - a ring of positive energy
Wands
 q - a wand of acid (10)
Scrolls
 h - a scroll of fog {unknown}
 l - a scroll of magic mapping {unknown}
 m - a scroll of teleportation {unknown}
 n - a scroll of blinking {unknown}
 s - 2 scrolls of identify {unknown}
Potions
 e - a potion of resistance
 g - a potion of might
 i - a potion of mutation {unknown}
 j - a potion of magic {unknown}
 r - a potion of brilliance {unknown}


   Skills:
 + Level 3.1 Fighting
 * Level 5.0 Long Blades
 - Level 2.0 Throwing
 + Level 2.4 Armour
 + Level 4.2 Dodging


You had 4 spell levels left.
You didn't know any spells.
Your spell library was empty.

Dungeon Overview and Level Annotations

Branches:
Dungeon (6/15)             Temple (1/1) D:6

Altars:
Dithmenos
Gozag
Kikubaaqudgha
Makhleb
Nemelex Xobeh
Okawaru
Qazlal
Ru
Sif Muna
Vehumet
Wu Jian
Xom
Yredelemnul
Zin
The Shining One


Innate Abilities, Weirdness & Mutations

You have a beak for a mouth.
You have claws for feet.
Your magical nature lets you fly swiftly and evasively.


Message History

There is a sacrificial altar of Ru here.
You reach down and open the door.
A scorpion comes into view.
There is an open door here.
A scorpion is nearby!
You hit the scorpion.
The scorpion is lightly wounded.
The scorpion barely misses you.
You hit the scorpion.
You claw the scorpion, but do no damage.
Your peck misses the scorpion.
The scorpion is lightly wounded.
The scorpion stings you.
You are poisoned.
The scorpion poisons you!
You closely miss the scorpion. You claw the scorpion.
You peck the scorpion, but do no damage.
The scorpion is heavily wounded.
You feel very sick. The scorpion stings you!
You are lethally poisoned!
The scorpion poisons you!
Your chain mail prevents you from hitting the scorpion.
You peck the scorpion.
The scorpion is severely wounded.
You feel very sick. The scorpion misses you. The scorpion stings you.
* * * LOW HITPOINT WARNING * * *
You are more poisoned.
The scorpion poisons you!
You are too injured to fight recklessly!
Unknown command.
It was a potion of resistance.
You feel protected.
* * * LOW HITPOINT WARNING * * *
You feel very sick.
The scorpion stings you but does no damage.
It was a potion of might.
You feel very mighty all of a sudden.
You die...

####+#.........#.# #####.###.###.
>............###'###...........#.
..####.#..<..#§§§§§#####.###.#.#.
+..........#§§§≈§#...........^.
####.#.#.#.'.._..'.........#..#
#.#.#...#≈≈.§§#'........#...
#.#.#####≈≈.§≈##........#.#.
#.#.. ###'####........#.#. #.###
#.@# #........#+## ... .......s#
#...........# ..# ###......
#.......)...# ..# #.......
#...........#
#........#########...# #........#
###...# #........# #.+...#
#####+#### #.#...# #######.#.###


You could see a scorpion.

Vanquished Creatures
  A bullfrog (D:6)
  A bullfrog skeleton (D:6)
  An iguana (D:6)
  A killer bee zombie (D:6)
  A howler monkey skeleton (D:2)
  2 worms (D:2)
  A dart slug (D:1)
  2 orcs
  2 endoplasms
  2 giant cockroaches
  6 goblins
  3 hobgoblins
  5 jackals
  5 quokkas
  2 ball pythons
  2 bats
  5 frilled lizards
  5 kobolds (D:1)
  A rat (D:1)
48 creatures vanquished.

Vanquished Creatures (others)
  2 fungi (D:1)
  A plant (D:1)
3 creatures vanquished.

Grand Total: 51 creatures vanquished

Notes
Turn   | Place    | Note
-------+----------+-------------------------------------------
     0 | D:1      | inmateoo the Tengu Gladiator began the quest for the Orb.
     0 | D:1      | Reached XP level 1. HP: 12/12 MP: 2/2
    41 | D:1      | Reached XP level 2. HP: 8/17 MP: 3/3
   272 | D:1      | Found a faded altar of an unknown god.
   791 | D:1      | Reached skill level 1 in Armour
   943 | D:1      | Reached XP level 3. HP: 21/21 MP: 4/4
  1691 | D:2      | Reached skill level 4 in Long Blades
  1743 | D:2      | Reached XP level 4. HP: 27/27 MP: 5/5
  2127 | D:3      | You fall into a shaft and drop 3 floors!
  2128 | D:6      | Found a staircase to the Ecumenical Temple.
  2143 | Temple   | Entered the Ecumenical Temple
  2214 | Temple   | Became a worshipper of Warmaster Okawaru
  2348 | D:6      | Found a sacrificial altar of Ru.
  2355 | D:6      | Gained mutation: Your magical nature lets you fly swiftly
                  | and evasively. [Tengu growth]
  2355 | D:6      | Reached XP level 5. HP: 13/32 MP: 6/6
  2580 | D:6      | Reached skill level 5 in Long Blades
  2616 | D:6      | Succumbed to a scorpion's poison

Illustrated notes

Levels and vault maps discovered:
D:1:      dpeg_arrival_tiny_i, layout_basic, shapermc_ecumenical_altar_acropolis
D:2:      layout_loops_corners, hangedman_feature_mirror
D:3:      layout_basic, minivault_14, corexii_item_surrounded_by_moat,
          minmay_unequal
D:6:      layout_basic, kennysheep_little_box, minmay_temple_entry_ruins
Temple:   regret_index_temple_waves

Skill      XL: |  1  2  3  4  5 |
---------------+----------------+-----
Armour         | 1 2 |  2.4
Long Blades    | 4 5 |  5.0
Dodging        | 4 |  4.2
Fighting       | 3 |  3.1
Throwing       | |  2.0

Action                   |  1- 3 |  4- 6 || total
-------------------------+-------+-------++-------
Melee: Long sword        |    30 |       ||    30
       Kick              |    17 |     8 ||    25
       Peck              |     6 |     5 ||    11
       Whip              |    49 |    26 ||    75
  Use: Potion            |       |     2 ||     2
Armor: Leather armour    |    19 |       ||    19
       Chain mail        |     8 |    11 ||    19
Dodge: Dodged            |    47 |    11 ||    58
       Rpst.: Long sword |     6 |       ||     6
